 Seeded DCSS version 0.30-a0-242-g7bf8e6d787 (webtiles) character file.

Game seed: 12923527064258711504 (custom seed)

72 Nerdsrcool the Poker (level 4, 0/41 HPs)
             Began as a Minotaur Monk on Oct 11, 2022.
             Slain by an orc priest
             ... wielding a +2 whip of electrocution
              (13 damage)
             ... on level 2 of the Dungeon.
             The game lasted 00:04:40 (1090 turns).

Nerdsrcool the Poker (Minotaur Monk)                Turns: 1090, Time: 00:04:41

Health: 0/41       AC:  5    Str: 15    XL:     4   Next: 7%
Magic:  3/3        EV: 13    Int:  7    God:
Gold:   68         SH:  0    Dex: 15    Spells: 3/3 levels left

rFire   . . .      SeeInvis .    a - +0 spear
rCold   . . .      Faith    .    (no shield)
rNeg    . . .      Spirit   .    b - +0 robe
rPois   .          Reflect  .    (helmet restricted)
rElec   .          Harm     .    e - +2 cloak
rCorr   .          Rampage  .    (no gloves)
Will    .....                    (no boots)
Stlth   ++........               (no amulet)
HPRegen 0.26/turn                (no ring)
MPRegen 0.08/turn                (no ring)

@: no status effects
A: horns 2, retaliatory headbutt
a: no special abilities


You were on level 2 of the Dungeon.
You visited 1 branch of the dungeon, and saw 2 of its levels.

You collected 68 gold pieces.

Inventory:

Hand Weapons
 a - a +0 spear (weapon)
 h - a +1 short sword of holy wrath
Missiles
 d - 2 poisoned darts (quivered)
 i - 21 stones
 q - 4 large rocks
Armour
 b - a +0 robe (worn)
 e - a +2 cloak (worn)
Jewellery
 n - an amulet of regeneration
Scrolls
 g - 2 scrolls of vulnerability {unknown}
 j - 2 scrolls of fog {unknown}
 l - 2 scrolls of identify {unknown}
 m - a scroll of fear {unknown}
 o - a scroll of teleportation {unknown}
Potions
 f - a potion of curing {unknown}
 k - a potion of degeneration {unknown}
 p - a potion of might {unknown}
 r - a potion of mutation {unknown}
 s - a potion of attraction {unknown}
 t - a potion of brilliance {unknown}


   Skills:
 + Level 4.4 Fighting
 + Level 4.5 Polearms
 + Level 3.8 Dodging
 + Level 2.1 Stealth


You had 3 spell levels left.
You didn't know any spells.
Your spell library was empty.

Dungeon Overview and Level Annotations

Branches:
Dungeon (2/15)

Altars:


Innate Abilities, Weirdness & Mutations

You have a pair of horns on your head.
You reflexively headbutt those who attack you in melee.


Message History

You are too injured to fight recklessly!
You are too injured to fight recklessly!
You are too injured to fight recklessly!
You are too injured to fight recklessly!
You are too injured to fight recklessly!
You are too injured to fight recklessly!
You are too injured to fight recklessly!
You are too injured to fight recklessly!
You are confused.
You feel invigorated.
The orc priest calls down the wrath of Beogh upon you.
Beogh smites you!
* * * LOW HITPOINT WARNING * * *
The orc closely misses you.
You closely miss the orc. The orc barely misses you.
The giant cockroach closely misses you.
You hit the orc. Your headbutt misses the orc.
The orc is heavily wounded.
The orc priest begins to cast a cantrip, but forgets the words!
The orc barely misses you.
The giant cockroach bites you but does no damage.
You hit the orc.
The orc is almost dead.
You feel less invigorated.
You feel less confused. The giant cockroach misses you.
The orc hits you with a +0 short sword.
You closely miss the orc. You headbutt the orc.
You kill the orc!
The giant cockroach bites you but does no damage.
You hit the orc priest. Your headbutt misses the orc priest.
The orc priest is heavily wounded.
The giant cockroach barely misses you.
The orc priest invokes the aid of Beogh against you.
Pain shoots through your body!
You hit the orc priest.
The orc priest is severely wounded.
The giant cockroach bites you but does no damage.
The orc priest hits you with a +2 whip of electrocution.
You are electrocuted!
You die...

######)# ##.#..#
#.###.....#
#......>..#
#####...#.#
##.##.# #.##.# ##
#.##.#
##...########.##.#
.....oo@.....[##.#
##...#B#.........#
## ##.##########
##


You could see 2 orc priests and a giant cockroach.

Vanquished Creatures
  Jessica (D:2)
  2 adders (D:2)
  2 orcs (D:2)
  5 bats
  3 endoplasms
  2 giant cockroaches
  3 hobgoblins
  3 ball pythons
  A frilled lizard (D:1)
  A goblin (D:1)
  3 kobolds (D:1)
  A rat (D:2)
27 creatures vanquished.

Notes
Turn   | Place    | Note
-------+----------+-------------------------------------------
     0 | D:1      | Nerdsrcool the Minotaur Monk began the quest for the Orb.
     0 | D:1      | Reached XP level 1. HP: 19/19 MP: 0/0
   197 | D:1      | Reached XP level 2. HP: 27/27 MP: 1/1
   758 | D:2      | Noticed Jessica
   760 | D:2      | Killed Jessica
   761 | D:2      | Reached XP level 3. HP: 34/34 MP: 2/2
   779 | D:2      | Found a faded altar of an unknown god.
  1050 | D:2      | Reached XP level 4. HP: 40/41 MP: 3/3
  1090 | D:2      | Slain by an orc priest

Illustrated notes

Levels and vault maps discovered:
D:1:      dpeg_arrival_round_b, layout_loops_ring
D:2:      cheibrodos_pilgrimage, layout_loops_ring,
          hellmonk_ecumenical_altar_run_dry, uniq_jessica

Skill      XL: |  1  2  3 |
---------------+----------+-----
Fighting       | 4 |  4.4
Polearms       | 4 |  4.5
Stealth        | 2 |  2.1
Dodging        | |  3.8

Action                   |  1- 3 |  4- 6 || total
-------------------------+-------+-------++-------
Melee: Spear             |    68 |     7 ||    75
       Headbutt          |     7 |     1 ||     8
  Use: Potion            |       |     1 ||     1
 Stab: Sleeping          |     8 |       ||     8
Armor: Robe              |    14 |     3 ||    17
Dodge: Dodged            |    38 |     6 ||    44

Table legend: (Time is in decaauts)
 A = Elapsed time spent in this place.
 B = Non-inter-level travel time spent in this place.
 C = Inter-level travel time spent in this place.
 D = Time resting spent in this place.
 E = Time spent auto-exploring this place.
 F = Levels seen in this place.
 G = Mean time per level.
                   A        B        C        D        E       F      G
               +--------+--------+--------+--------+--------+-----+--------+
         Total |   1081 |   1052 |     29 |     49 |    782 |   2 |  540.5 |
       Dungeon |   1081 |   1052 |     29 |     49 |    782 |   2 |  540.5 |
               +--------+--------+--------+--------+--------+-----+--------+

Top non-repeatable levels by time:
     D:1: 716 daAuts
     D:2: 365 daAuts
